 Dungeon Crawl Stone Soup version 0.23-a0-321-g6bcb69f (webtiles) character file.

591 George the Slasher (level 7, -13/55 HPs)
             Began as a Demonspawn Fighter on Oct 15, 2018.
             Killed by divine providence
             ... invoked by an orc priest
              (14 damage)
             ... on level 4 of the Dungeon.
             The game lasted 00:04:58 (2693 turns).

George the Slasher (Demonspawn Fighter)             Turns: 2693, Time: 00:04:59

Health: -13/55     AC: 15    Str: 18    XL:     7   Next: 16%
Magic:  7/7        EV:  5    Int: 10    God:
Gold:   207        SH:  9    Dex: 12    Spells: 6/6 levels left

rFire    . . .     SeeInvis +   a - +0 long sword
rCold    . . .     Gourm    +   c - +0 shield
rNeg     . . .     Faith    .   u - +0 chain mail
rPois    .         Spirit   .   (helmet unavailable)
rElec    .         Reflect  .   (no cloak)
rCorr    .         Harm     .   (no gloves)
MR       .....                  g - +0 pair of boots
Stlth    ..........             m - amulet of the gourmand
HPRegen  0.18/turn              o - +5 ring of protection
MPRegen  0.10/turn              (no ring)

@: no status effects
A: antennae 3, nightstalker 1, spiny 1
a: no special abilities


You were on level 4 of the Dungeon.
You were completely stuffed.

You visited 1 branch of the dungeon, and saw 4 of its levels.

You collected 207 gold pieces.

Inventory:

Hand Weapons
 a - a +0 long sword (weapon)
Armour
 c - a +0 shield (worn)
 g - a +0 pair of boots (worn)
 u - a +0 chain mail (worn)
Jewellery
 m - an amulet of the gourmand (around neck)
 o - a +5 ring of protection (left hand)
 r - an uncursed ring of ice
Scrolls
 b - a scroll of immolation {unknown}
 e - 3 scrolls of teleportation {unknown}
 h - 3 scrolls of amnesia {unknown}
 j - a scroll of random uselessness {unknown}
 k - 5 scrolls of identify {unknown}
 l - 3 scrolls of remove curse {unknown}
 q - a scroll of fog {unknown}
 s - 2 scrolls of enchant weapon {unknown}
 t - a scroll of blinking {unknown}
 v - a scroll of enchant armour {unknown}
 w - a scroll of fear {unknown}
Potions
 d - 2 potions of might
 i - 3 potions of curing {unknown}
 n - a potion of magic {unknown}
 p - a potion of lignification {unknown}
 x - a potion of mutation {unknown}
 z - a potion of heal wounds {unknown}
Comestibles
 f - 9 rations
 A - 2 chunks of flesh


   Skills:
 + Level 4.5 Fighting
 * Level 4.7 Long Blades
 + Level 4.1 Armour
 + Level 4.1 Shields


You had 6 spell levels left.
You didn't know any spells.
Your spell library was empty.

Dungeon Overview and Level Annotations

Branches:
Dungeon (4/15)
 Temple: D:4-7

Altars:
Nemelex Xobeh
Xom

Annotations:
D:4 2 transporters


Innate Abilities, Weirdness & Mutations

You have a pair of large antennae on your head. (SInv)
You are slightly more attuned to the shadows.
You are partially covered in sharp spines.


Message History

The orc priest looks braver for a moment.
The orc priest is struck by your spines.
You kill the orc priest!
The orc priest mumbles some strange prayers to Beogh against you.
Pain shoots through your body!
* * * LOW HITPOINT WARNING * * *
Things that are here:
a +0 falchion; a +0 hand axe You hit the orc priest but do no damage.
The orc priest is struck by your spines.
The orc priest hits you but does no damage. x2
You hit the orc priest.
The orc priest is severely wounded.
The orc priest hits you with a cursed -3 club.
* * * LOW HITPOINT WARNING * * *
You barely miss the orc priest.
The orc priest is severely wounded.
The orc priest calls down the wrath of Beogh upon you.
Beogh smites you!
You die...

#.# #.# ######## #.#
.......############.#
....................#
######.##############
#.# #.##########
#.##$.@o...#
#.##.#####.# #.##.#
#.##.# #.##.# #.##.#
#.##.# #....# {
######


You could see an orc priest.

Vanquished Creatures
  An ogre (D:3)
  A bullfrog skeleton (D:4)
  2 hounds (D:2)
  3 orc priests
  3 orc wizards
  Natasha (thrice) (D:2)
  Terence (D:2)
  4 adders
  An ooze (D:3)
  A worm (D:3)
  A dart slug (D:2)
  11 orcs
  3 giant cockroaches
  7 goblins
  7 hobgoblins
  8 jackals
  3 quokkas
  3 ball pythons
  13 bats
  2 frilled lizards (D:3)
  6 kobolds
  6 rats
90 creatures vanquished.

Vanquished Creatures (others)
  An orc wizard (D:3)
1 creature vanquished.

Grand Total: 91 creatures vanquished

Notes
Turn   | Place    | Note
-------+----------+-------------------------------------------
     0 | D:1      | George the Demonspawn Fighter began the quest for the Orb.
     0 | D:1      | Reached XP level 1. HP: 18/18 MP: 1/1
   135 | D:1      | Gained mutation: You are partially covered in sharp spines.
                  | [demonic ancestry]
   135 | D:1      | Reached XP level 2. HP: 24/24 MP: 2/2
   602 | D:2      | Noticed Terence
   785 | D:2      | Killed Terence
   785 | D:2      | Gained mutation: You have a pair of small antennae on your
                  | head. [demonic ancestry]
   785 | D:2      | Reached XP level 3. HP: 15/29 MP: 3/3
   941 | D:2      | Found a shimmering altar of Xom.
  1011 | D:2      | Gained mutation: You have a pair of antennae on your head.
                  | [demonic ancestry]
  1011 | D:2      | Reached XP level 4. HP: 32/35 MP: 4/4
  1033 | D:2      | Noticed Natasha
  1040 | D:2      | Killed Natasha
  1061 | D:2      | Found a sparkling altar of Nemelex Xobeh.
  1303 | D:2      | Noticed Natasha
  1307 | D:2      | Killed Natasha
  1331 | D:2      | Gained mutation: You have a pair of large antennae on your
                  | head. (SInv) [demonic ancestry]
  1331 | D:2      | Reached XP level 5. HP: 42/42 MP: 5/5
  1692 | D:2      | Noticed Natasha
  1705 | D:2      | Killed Natasha
  1972 | D:3      | Noticed an ogre
  1987 | D:3      | Killed an ogre
  1987 | D:3      | Reached XP level 6. HP: 26/48 MP: 6/6
  2609 | D:4      | Found a transporter.
  2617 | D:4      | Gained mutation: You are slightly more attuned to the
                  | shadows. [demonic ancestry]
  2617 | D:4      | Reached XP level 7. HP: 45/55 MP: 7/7
  2629 | D:4      | Found a transporter.
  2690 | D:4      | HP: 2/55 [orc priest/nerve-wracking pain (9)]
  2693 | D:4      | Killed from afar by an orc priest

Vault maps used:
D:1:      minmay_arrival_shattered_statue
D:2:      old_standard_altar, nemelex_xobeh_ov_fountains_minmay, uniq_natasha,
          uniq_terence
D:3:      first_ration
D:4:      gammafunk_steamed_eel, lemuel_doored_altar, temple_green,
          gup_sewer_entry_pipe

Skill      XL: |  1  2  3  4  5  6 |
---------------+-------------------+-----
Long Blades    | 2 3 4 |  4.7
Armour         | 3 4 |  4.1
Shields        | 3 4 |  4.1
Fighting       | 4 |  4.5

Action                   |  1- 3 |  4- 6 |  7- 9 || total
-------------------------+-------+-------+-------++-------
Melee: Long sword        |    66 |   163 |    12 ||   241
  Eat: Chunk             |     3 |    13 |     1 ||    17
Armor: Scale mail        |    26 |    24 |       ||    50
       Chain mail        |       |    70 |     3 ||    73
Dodge: Dodged            |    19 |    36 |       ||    55
Block: Shield            |    38 |    95 |     3 ||   136
       Rpst.: Long sword |     4 |    10 |       ||    14

Table legend:
 A = Non-vault XP
 B = Vault XP
 C = Vault XP percentage of total XP
 D = Non-vault monster count
 E = Vault monster count
 F = Vault count percentage of total count
                 A         B        C        D         E       F
            +---------+---------+-------+---------+---------+-------
      Total |     773 |      72 |   8.5 |      89 |       2 |   2.2
            +---------+---------+-------+---------+---------+-------
        D:1 |      30 |       0 |   0.0 |      19 |       0 |   0.0
        D:2 |     220 |      72 |  24.7 |      26 |       2 |   7.1
        D:3 |     352 |       0 |   0.0 |      36 |       0 |   0.0
        D:4 |     171 |       0 |   0.0 |       8 |       0 |   0.0
            +---------+---------+-------+---------+---------+-------
